[ AOE2 MATCH · #477084564 ]
UnrankedCelts vs Koreans
[ REPLAY ANALYSIS · EXTRACTED FROM THE RECORDED GAME ]
Feudal
—
Castle
—
Imperial
—
| APM avg | 0.1 |
| APM peak | 3 |
| eAPM avg | 0.1 |
| Villagers / military | 0 / 0 |
Feudal
17:47
Castle
31:08
Imperial
—
| APM avg | 12.3 |
| APM peak | 19 |
| eAPM avg | 8.4 |
| Villagers / military | 60 / 37 |
Focus
⚔️ 28.5% · 🌾 71.5%
Fire Lancer ×9 · Militia ×7 · Skirmisher ×7 · Fishing Ship ×7 · Spearman ×6 · Monk ×3
Feudal
14:05
Castle
33:35
Imperial
—
| APM avg | 8.6 |
| APM peak | 27 |
| eAPM avg | 6.6 |
| Villagers / military | 68 / 18 |
Focus
⚔️ 22.9% · 🌾 77.1%
Fishing Ship ×8 · Scout Cavalry ×6 · Fire Galley ×5 · Keshik ×4 · Spearman ×1 · Skirmisher ×1
Feudal
16:22
Castle
22:34
Imperial
—
| APM avg | 8.4 |
| APM peak | 20 |
| eAPM avg | 6.7 |
| Villagers / military | 61 / 11 |
Focus
⚔️ 15.6% · 🌾 84.4%
Spearman ×10 · Monk ×1 · Fishing Ship ×1
Feudal
—
Castle
—
Imperial
—
| APM avg | 17.9 |
| APM peak | 44 |
| eAPM avg | 9.8 |
| Villagers / military | 53 / 34 |
Focus
⚔️ 31.0% · 🌾 69.0%
Warrior Priest ×19 · Fishing Ship ×15 · Composite Bowman ×8 · Battering Ram ×6 · Spearman ×1
Feudal
14:51
Castle
29:46
Imperial
37:15
| APM avg | 10.4 |
| APM peak | 21 |
| eAPM avg | 8.7 |
| Villagers / military | 57 / 44 |
Focus
⚔️ 20.0% · 🌾 80.0%
Militia ×19 · Scout Cavalry ×12 · Keshik ×7 · Cavalry Archer ×4 · Trebuchet (Packed) ×2
Match map
Initial resources + every placement click. Lines = walls · curves = elevation contours. ◆ gold · ⬟ stone · ● berries · ✦ relic · ◌ wall gap
Your base· Open — 8t gap
stevsag's base· Open — unwalled flank
Berlin La Fiera's base· Open — 15t gap
Caligula's base· Open — 6t gap
Shintaro077719's base· Open — 10t gap
_Wood_Miner_'s base· Open — 8t gap
Smoothed initial terrain · ◌ = detected wall gap · hover for details
Inputs per minute
— ErBert95 - - stevsag
Build order — ErBert95
0 actions detected in the replay
Build order — stevsag
First 150 of 180 actions detected
| 1:55 | Build | Town Center |
| 2:50 | Build | House |
| 3:28 | Build | House |
| 4:28 | Create | Villager (Male) |
| 4:29 | Create | Villager (Male) |
| 4:41 | Create | Villager (Male) |
| 4:46 | Create | Villager (Male) |
| 5:32 | Build | Dock |
| 5:58 | Research | Loom |
| 6:25 | Create | Villager (Male) |
| 7:15 | Create | Villager (Male) |
| 7:15 | Create | Villager (Male) |
| 7:57 | Create | Villager (Male) |
| 7:58 | Create | Villager (Male) |
| 8:17 | Create | Villager (Male) |
| 9:11 | Create | Villager (Male) |
| 9:34 | Build | House |
| 9:35 | Build | House |
| 10:08 | Create | Villager (Male) |
| 10:09 | Create | Villager (Male) |
| 10:38 | Build | Lumber Camp |
| 10:42 | Create | Villager (Male) |
| 11:09 | Create | Villager (Male) |
| 11:11 | Create | Villager (Male) |
| 11:33 | Create | Villager (Male) |
| 11:47 | Build | Mill |
| 11:49 | Create | Villager (Male) |
| 11:49 | Create | Villager (Male) |
| 12:07 | Create | Villager (Male) |
| 12:31 | Create | Fishing Ship |
| 12:37 | Create | Fishing Ship |
| 13:01 | Build | House |
| 13:08 | Create | Villager (Male) |
| 13:27 | Create | Villager (Male) |
| 14:06 | Create | Villager (Male) |
| 14:06 | Create | Villager (Male) |
| 14:20 | Build | House |
| 14:22 | Build | House |
| 14:25 | Create | Villager (Male) |
| 14:32 | Create | Fishing Ship |
| 14:54 | Build | Mining Camp |
| 15:12 | Create | Fishing Ship |
| 15:16 | Create | Fishing Ship |
| 15:37 | Research | Feudal Age |
| 16:07 | Build | Barracks |
| 17:26 | Build | Mining Camp |
| 17:47 | Age | Feudal Age |
| 17:52 | Build | Watch Tower |
| 17:58 | Create | Spearman |
| 17:58 | Create | Spearman |
| 18:09 | Research | Town Watch |
| 18:10 | Create | Villager (Male) |
| 18:10 | Create | Villager (Male) |
| 18:21 | Create | Fishing Ship |
| 18:22 | Create | Fishing Ship |
| 18:29 | Research | Tech 906 |
| 18:29 | Create | Villager (Male) |
| 18:30 | Create | Villager (Male) |
| 18:48 | Research | Horse Collar |
| 18:53 | Research | Double-Bit Axe |
| 19:09 | Research | Arson |
| 19:09 | Create | Spearman |
| 19:10 | Create | Spearman |
| 19:18 | Build | Farm |
| 19:20 | Build | Farm |
| 19:21 | Build | Farm |
| 19:43 | Build | Watch Tower |
| 20:37 | Build | Palisade Wall |
| 20:39 | Build | Palisade Wall |
| 21:02 | Build | Palisade Wall |
| 21:13 | Build | Farm |
| 21:15 | Build | Farm |
| 21:28 | Create | Villager (Male) |
| 21:29 | Create | Villager (Male) |
| 21:30 | Create | Villager (Male) |
| 21:39 | Build | House |
| 21:40 | Build | House |
| 21:41 | Build | House |
| 21:54 | Create | Spearman |
| 21:55 | Create | Spearman |
| 21:56 | Create | Villager (Male) |
| 21:57 | Create | Villager (Male) |
| 22:01 | Build | Mining Camp |
| 22:03 | Create | Villager (Male) |
| 22:11 | Build | Lumber Camp |
| 23:36 | Build | Archery Range |
| 23:46 | Research | Man-at-Arms (upgrade) |
| 23:46 | Create | Militia |
| 23:47 | Create | Militia |
| 23:47 | Create | Militia |
| 24:03 | Create | Villager (Male) |
| 24:04 | Create | Villager (Male) |
| 24:16 | Create | Villager (Male) |
| 24:16 | Create | Villager (Male) |
| 24:16 | Create | Villager (Male) |
| 24:26 | Create | Skirmisher |
| 24:26 | Create | Skirmisher |
| 24:27 | Create | Skirmisher |
| 24:35 | Build | Farm |
| 24:51 | Build | Dock |
| 25:03 | Create | Villager (Male) |
| 25:03 | Create | Villager (Male) |
| 25:04 | Create | Villager (Male) |
| 25:35 | Build | Palisade Gate |
| 25:56 | Create | Militia |
| 25:56 | Create | Militia |
| 26:22 | Build | House |
| 26:25 | Build | House |
| 26:26 | Build | House |
| 26:35 | Build | House |
| 27:05 | Build | House |
| 27:09 | Create | Villager (Male) |
| 27:09 | Create | Villager (Male) |
| 27:31 | Build | Blacksmith |
| 27:56 | Build | Watch Tower |
| 28:28 | Research | Castle Age |
| 28:34 | Research | Fletching |
| 28:34 | Research | Forging |
| 28:39 | Build | Mill |
| 28:47 | Create | Villager (Male) |
| 29:01 | Create | Skirmisher |
| 29:02 | Create | Skirmisher |
| 29:21 | Create | Fire Galley |
| 29:22 | Create | Fire Galley |
| 29:54 | Create | Villager (Male) |
| 29:54 | Create | Villager (Male) |
| 30:17 | Research | Scale Mail Armor |
| 31:08 | Age | Castle Age |
| 31:09 | Build | Market |
| 31:26 | Build | Castle |
| 31:35 | Research | Town Patrol |
| 31:36 | Research | Wheelbarrow |
| 31:49 | Build | Town Center |
| 31:51 | Create | Villager (Male) |
| 31:51 | Create | Villager (Male) |
| 31:58 | Build | Monastery |
| 32:13 | Research | Elite Skirmisher (upgrade) |
| 32:14 | Create | Skirmisher |
| 32:14 | Create | Skirmisher |
| 32:29 | Create | Monk |
| 32:33 | Build | Farm |
| 32:34 | Build | Farm |
| 32:38 | Build | Farm |
| 32:42 | Research | Bow Saw |
| 32:52 | Research | Heavy Plow |
| 33:04 | Build | Barracks |
| 33:08 | Research | Long Swordsman (upgrade) |
| 33:09 | Research | Gambesons |
| 33:35 | Create | Militia |
| 33:36 | Create | Militia |
Build order — Berlin La Fiera
First 150 of 158 actions detected
| 0:11 | Build | Town Center |
| 0:35 | Build | House |
| 1:24 | Build | Lumber Camp |
| 2:55 | Create | Villager (Male) |
| 2:55 | Create | Villager (Male) |
| 2:56 | Create | Villager (Male) |
| 2:56 | Create | Villager (Male) |
| 2:56 | Create | Villager (Male) |
| 2:56 | Create | Villager (Male) |
| 4:08 | Create | Villager (Male) |
| 4:31 | Build | House |
| 4:38 | Build | House |
| 4:52 | Create | Villager (Male) |
| 4:53 | Create | Villager (Male) |
| 5:14 | Create | Villager (Male) |
| 5:59 | Research | Loom |
| 6:02 | Create | Villager (Male) |
| 6:02 | Create | Villager (Male) |
| 6:21 | Create | Villager (Male) |
| 6:21 | Create | Villager (Male) |
| 7:51 | Build | Mill |
| 9:15 | Build | Dock |
| 9:31 | Create | Villager (Male) |
| 10:03 | Create | Fishing Ship |
| 10:03 | Create | Fishing Ship |
| 10:03 | Create | Fishing Ship |
| 10:03 | Create | Fishing Ship |
| 10:14 | Create | Villager (Male) |
| 10:18 | Create | Villager (Male) |
| 10:21 | Create | Villager (Male) |
| 10:22 | Create | Villager (Male) |
| 10:25 | Create | Villager (Male) |
| 10:25 | Create | Villager (Male) |
| 10:30 | Create | Villager (Male) |
| 10:49 | Create | Villager (Male) |
| 10:49 | Create | Villager (Male) |
| 10:49 | Create | Villager (Male) |
| 11:02 | Create | Villager (Male) |
| 11:02 | Create | Villager (Male) |
| 11:02 | Create | Villager (Male) |
| 11:27 | Create | Villager (Male) |
| 11:55 | Research | Feudal Age |
| 12:15 | Build | House |
| 12:56 | Create | Villager (Male) |
| 12:57 | Create | Villager (Male) |
| 13:50 | Build | House |
| 14:05 | Age | Feudal Age |
| 14:14 | Create | Villager (Male) |
| 14:14 | Create | Villager (Male) |
| 14:56 | Research | Double-Bit Axe |
| 15:08 | Create | Villager (Male) |
| 15:09 | Create | Villager (Male) |
| 15:42 | Research | Wheelbarrow |
| 16:33 | Create | Fishing Ship |
| 16:33 | Create | Fishing Ship |
| 17:06 | Create | Villager (Male) |
| 17:06 | Create | Villager (Male) |
| 17:07 | Create | Villager (Male) |
| 18:07 | Build | Mill |
| 18:21 | Create | Villager (Male) |
| 18:21 | Create | Villager (Male) |
| 18:21 | Create | Villager (Male) |
| 18:30 | Build | House |
| 18:34 | Build | House |
| 18:53 | Create | Villager (Male) |
| 18:54 | Create | Villager (Male) |
| 21:26 | Research | Town Watch |
| 21:29 | Create | Villager (Male) ×5 |
| 22:05 | Build | Farm |
| 22:10 | Build | Farm |
| 22:11 | Build | Farm |
| 22:13 | Build | Farm |
| 22:14 | Build | Farm |
| 22:15 | Build | Farm |
| 22:16 | Build | Farm |
| 22:17 | Build | Farm |
| 22:19 | Build | Farm |
| 22:20 | Build | Farm |
| 22:21 | Build | Farm |
| 22:29 | Research | Horse Collar |
| 22:37 | Create | Villager (Male) |
| 23:00 | Create | Fire Galley |
| 23:00 | Create | Fire Galley |
| 23:22 | Build | Dock |
| 24:32 | Build | House |
| 24:37 | Build | House |
| 24:40 | Build | House |
| 24:44 | Build | House |
| 24:45 | Build | House |
| 24:47 | Build | House |
| 25:10 | Create | Fishing Ship |
| 25:10 | Create | Fishing Ship |
| 25:37 | Build | Mining Camp |
| 25:44 | Create | Villager (Male) |
| 25:44 | Create | Villager (Male) |
| 26:24 | Create | Villager (Male) |
| 26:25 | Create | Villager (Male) |
| 26:33 | Create | Villager (Male) |
| 26:33 | Create | Villager (Male) |
| 26:56 | Create | Villager (Male) |
| 26:57 | Create | Villager (Male) |
| 27:11 | Build | Mining Camp |
| 27:28 | Create | Villager (Male) |
| 27:44 | Build | Barracks |
| 28:05 | Build | Watch Tower |
| 28:30 | Build | Archery Range |
| 28:44 | Build | Stable |
| 29:01 | Build | Blacksmith |
| 29:16 | Create | Villager (Male) |
| 29:17 | Create | Villager (Male) |
| 29:17 | Create | Villager (Male) |
| 30:15 | Create | Spearman |
| 30:20 | Create | Skirmisher |
| 30:30 | Create | Scout Cavalry |
| 30:33 | Research | Bloodlines |
| 30:37 | Research | Forging |
| 30:38 | Research | Scale Barding Armor |
| 30:55 | Research | Castle Age |
| 31:07 | Create | Fire Galley |
| 32:10 | Create | Fire Galley |
| 32:10 | Create | Fire Galley |
| 32:29 | Research | Stone Mining |
| 32:45 | Research | Scale Mail Armor |
| 32:46 | Research | Padded Archer Armor |
| 32:47 | Research | Fletching |
| 33:00 | Research | Gold Mining |
| 33:35 | Age | Castle Age |
| 33:43 | Research | Hand Cart |
| 33:44 | Research | Town Patrol |
| 33:47 | Research | Husbandry |
| 33:48 | Research | Light Cavalry (upgrade) |
| 33:52 | Research | Iron Casting |
| 33:53 | Research | Chain Barding Armor |
| 33:56 | Research | Squires |
| 34:05 | Research | Gold Shaft Mining |
| 34:09 | Research | Heavy Plow |
| 34:39 | Build | Lumber Camp |
| 34:55 | Create | Villager (Male) ×4 |
| 35:12 | Build | Castle |
| 35:22 | Build | Town Center |
| 35:27 | Build | Town Center |
| 35:54 | Create | Villager (Male) |
| 35:54 | Create | Villager (Male) |
| 35:54 | Create | Villager (Male) |
| 35:59 | Research | Bow Saw |
| 36:38 | Research | Silk Armor |
| 36:39 | Create | Keshik |
| 36:39 | Create | Keshik |
| 36:39 | Create | Keshik |
| 36:40 | Create | Keshik |
Build order — Caligula
126 actions detected in the replay
| 0:33 | Build | Town Center |
| 1:53 | Build | House |
| 2:01 | Build | House |
| 2:43 | Build | Mining Camp |
| 3:12 | Create | Villager (Male) |
| 3:13 | Create | Villager (Male) |
| 3:13 | Create | Villager (Male) |
| 3:13 | Create | Villager (Male) |
| 3:13 | Create | Villager (Male) |
| 5:31 | Build | Mill |
| 5:38 | Create | Villager (Male) |
| 5:38 | Create | Villager (Male) |
| 7:05 | Create | Villager (Male) |
| 7:05 | Create | Villager (Male) |
| 7:05 | Create | Villager (Male) |
| 7:06 | Create | Villager (Male) |
| 7:06 | Create | Villager (Male) |
| 7:06 | Create | Villager (Male) |
| 7:06 | Create | Villager (Male) |
| 7:12 | Research | Loom |
| 7:32 | Create | Villager (Male) |
| 7:32 | Create | Villager (Male) |
| 7:32 | Create | Villager (Male) |
| 8:26 | Create | Villager (Male) |
| 8:26 | Create | Villager (Male) |
| 8:40 | Build | Farm |
| 8:50 | Build | Farm |
| 8:54 | Create | Villager (Male) |
| 8:54 | Create | Villager (Male) |
| 8:55 | Create | Villager (Male) |
| 8:55 | Create | Villager (Male) |
| 8:55 | Create | Villager (Male) |
| 9:31 | Create | Villager (Male) |
| 9:31 | Create | Villager (Male) |
| 9:31 | Create | Villager (Male) |
| 10:03 | Create | Villager (Male) |
| 10:03 | Create | Villager (Male) |
| 10:03 | Create | Villager (Male) |
| 10:04 | Create | Villager (Male) |
| 10:04 | Create | Villager (Male) |
| 10:04 | Create | Villager (Male) |
| 10:04 | Create | Villager (Male) |
| 10:30 | Build | House |
| 10:51 | Build | House |
| 11:00 | Build | Mill |
| 11:10 | Create | Villager (Male) |
| 11:10 | Create | Villager (Male) |
| 11:43 | Create | Villager (Male) |
| 11:43 | Create | Villager (Male) |
| 12:01 | Build | Dock |
| 12:54 | Create | Fishing Ship |
| 13:26 | Build | Lumber Camp |
| 14:12 | Research | Feudal Age |
| 14:12 | Research | Feudal Age |
| 16:22 | Age | Feudal Age |
| 16:28 | Research | Double-Bit Axe |
| 17:22 | Create | Villager (Male) |
| 17:22 | Create | Villager (Male) |
| 17:23 | Create | Villager (Male) |
| 18:29 | Build | Market |
| 19:15 | Build | Blacksmith |
| 19:54 | Research | Castle Age |
| 19:54 | Research | Castle Age |
| 19:54 | Research | Castle Age |
| 19:55 | Research | Castle Age |
| 20:17 | Build | Farm |
| 20:30 | Build | House |
| 20:35 | Build | House |
| 21:01 | Build | Barracks |
| 21:21 | Build | Mining Camp |
| 21:29 | Research | Horse Collar |
| 21:47 | Research | Stone Mining |
| 21:47 | Research | Stone Mining |
| 22:34 | Age | Castle Age |
| 22:42 | Build | Watch Tower |
| 22:52 | Research | Bow Saw |
| 22:57 | Research | Heavy Plow |
| 22:57 | Research | Heavy Plow |
| 22:57 | Research | Heavy Plow |
| 22:58 | Research | Heavy Plow |
| 23:04 | Research | Town Watch |
| 23:09 | Research | Wheelbarrow |
| 23:11 | Create | Villager (Male) |
| 23:12 | Create | Villager (Male) |
| 23:12 | Create | Villager (Male) |
| 23:12 | Create | Villager (Male) |
| 23:25 | Create | Spearman |
| 23:25 | Create | Spearman |
| 23:30 | Create | Spearman |
| 23:30 | Create | Spearman |
| 23:30 | Create | Spearman |
| 24:07 | Create | Spearman |
| 25:09 | Research | Hand Cart |
| 25:27 | Build | Fish Trap |
| 26:11 | Build | Town Center |
| 26:38 | Create | Villager (Male) |
| 26:39 | Create | Villager (Male) |
| 26:39 | Create | Villager (Male) |
| 26:39 | Create | Villager (Male) |
| 27:37 | Build | Monastery |
| 27:46 | Build | University |
| 27:55 | Create | Villager (Male) |
| 27:55 | Create | Villager (Male) |
| 28:10 | Build | Farm |
| 28:16 | Build | Farm |
| 28:30 | Create | Spearman |
| 28:30 | Create | Spearman |
| 28:30 | Create | Spearman |
| 28:31 | Create | Spearman |
| 28:54 | Build | Watch Tower |
| 31:00 | Research | Pikeman (upgrade) |
| 31:49 | Build | Town Center |
| 32:37 | Create | Monk |
| 33:28 | Build | University |
| 34:02 | Create | Villager (Male) |
| 34:02 | Create | Villager (Male) |
| 34:02 | Create | Villager (Male) |
| 34:03 | Create | Villager (Male) |
| 34:35 | Build | Mining Camp |
| 34:39 | Create | Villager (Male) |
| 34:39 | Create | Villager (Male) |
| 35:48 | Create | Villager (Male) |
| 35:48 | Create | Villager (Male) |
| 35:48 | Create | Villager (Male) |
| 35:48 | Create | Villager (Male) |
| 36:14 | Build | Town Center |
Build order — Shintaro077719
First 150 of 154 actions detected
| 1:24 | Build | Town Center |
| 2:43 | Build | House |
| 2:49 | Build | House |
| 3:01 | Build | House |
| 3:03 | Build | House |
| 3:48 | Create | Villager (Male) |
| 3:50 | Research | Loom |
| 3:50 | Create | Villager (Male) |
| 3:51 | Create | Villager (Male) |
| 3:51 | Create | Villager (Male) |
| 3:52 | Create | Villager (Male) |
| 3:52 | Create | Villager (Male) |
| 5:01 | Create | Villager (Male) |
| 6:00 | Build | Mule Cart |
| 6:06 | Create | Villager (Male) |
| 6:07 | Create | Villager (Male) |
| 7:00 | Create | Villager (Male) |
| 7:00 | Create | Villager (Male) |
| 7:00 | Create | Villager (Male) |
| 7:47 | Create | Villager (Male) |
| 7:47 | Create | Villager (Male) |
| 8:10 | Create | Villager (Male) |
| 8:10 | Create | Villager (Male) |
| 8:25 | Create | Villager (Male) |
| 8:26 | Create | Villager (Male) |
| 8:26 | Create | Villager (Male) |
| 8:48 | Build | Mule Cart |
| 9:52 | Create | Villager (Male) |
| 9:52 | Create | Villager (Male) |
| 9:53 | Create | Villager (Male) |
| 9:53 | Create | Villager (Male) |
| 9:54 | Create | Villager (Male) |
| 10:34 | Build | Mule Cart |
| 10:47 | Build | House |
| 10:48 | Build | House |
| 10:58 | Build | Barracks |
| 11:33 | Create | Villager (Male) |
| 12:27 | Create | Villager (Male) |
| 12:27 | Create | Villager (Male) |
| 12:28 | Create | Villager (Male) |
| 12:41 | Build | House |
| 12:43 | Build | House |
| 13:40 | Build | Mill |
| 14:13 | Research | Feudal Age |
| 14:35 | Build | House |
| 15:10 | Build | Palisade Wall |
| 16:01 | Build | Dock |
| 16:29 | Create | Spearman |
| 16:43 | Create | Villager (Male) |
| 16:43 | Create | Villager (Male) |
| 16:44 | Create | Villager (Male) |
| 16:44 | Create | Villager (Male) |
| 17:39 | Create | Fishing Ship |
| 17:40 | Create | Fishing Ship |
| 18:03 | Build | Gate |
| 18:10 | Create | Villager (Male) |
| 18:11 | Create | Villager (Male) |
| 18:11 | Create | Villager (Male) |
| 18:24 | Create | Fishing Ship |
| 18:45 | Build | Market |
| 19:13 | Build | Market |
| 19:32 | Build | Blacksmith |
| 19:59 | Create | Villager (Male) |
| 20:56 | Research | Castle Age |
| 21:09 | Research | Tech 906 |
| 21:10 | Create | Fishing Ship |
| 21:11 | Create | Fishing Ship |
| 21:11 | Create | Fishing Ship |
| 21:23 | Build | House |
| 22:03 | Build | House |
| 22:14 | Build | Mule Cart |
| 22:54 | Build | Farm |
| 22:57 | Build | Farm |
| 23:45 | Build | Monastery |
| 24:06 | Create | Warrior Priest |
| 24:06 | Create | Warrior Priest |
| 24:21 | Build | Castle |
| 24:52 | Create | Warrior Priest |
| 24:53 | Create | Warrior Priest |
| 24:58 | Create | Villager (Male) |
| 24:59 | Create | Villager (Male) |
| 24:59 | Create | Villager (Male) |
| 24:59 | Create | Villager (Male) |
| 25:32 | Build | Siege Workshop |
| 25:44 | Build | Siege Workshop |
| 26:04 | Create | Villager (Male) |
| 26:13 | Create | Warrior Priest |
| 26:31 | Create | Fishing Ship |
| 26:31 | Create | Fishing Ship |
| 26:38 | Create | Battering Ram |
| 26:39 | Create | Battering Ram |
| 26:40 | Create | Battering Ram |
| 26:43 | Create | Battering Ram |
| 26:51 | Create | Composite Bowman |
| 26:51 | Create | Composite Bowman |
| 26:51 | Create | Composite Bowman |
| 26:52 | Create | Composite Bowman |
| 26:52 | Create | Composite Bowman |
| 26:52 | Create | Composite Bowman |
| 26:54 | Create | Composite Bowman |
| 26:54 | Create | Composite Bowman |
| 29:13 | Create | Warrior Priest |
| 29:14 | Create | Warrior Priest |
| 29:14 | Create | Warrior Priest |
| 29:14 | Create | Warrior Priest |
| 30:15 | Create | Warrior Priest ×5 |
| 30:15 | Create | Warrior Priest ×5 |
| 31:16 | Create | Villager (Male) |
| 31:16 | Create | Villager (Male) |
| 32:03 | Create | Battering Ram |
| 32:05 | Create | Battering Ram |
| 32:45 | Research | Arson |
| 32:45 | Research | Squires |
| 32:58 | Build | Castle |
| 33:59 | Create | Villager (Male) |
| 33:59 | Create | Villager (Male) |
| 33:59 | Create | Villager (Male) |
| 34:00 | Create | Villager (Male) |
| 34:00 | Create | Villager (Male) |
| 34:00 | Create | Villager (Male) |
| 34:06 | Build | Town Center |
| 34:40 | Build | Town Center |
| 34:55 | Research | Gambesons |
| 35:02 | Research | Forging |
| 35:03 | Research | Scale Mail Armor |
| 35:04 | Research | Fletching |
| 35:04 | Research | Padded Archer Armor |
| 35:18 | Create | Villager (Male) |
| 35:18 | Create | Villager (Male) |
| 35:18 | Create | Villager (Male) |
| 35:19 | Create | Villager (Male) |
| 35:27 | Create | Fishing Ship |
| 35:27 | Create | Fishing Ship |
| 35:28 | Create | Fishing Ship |
| 35:32 | Create | Fishing Ship |
| 35:34 | Create | Fishing Ship |
| 35:34 | Create | Fishing Ship |
| 35:34 | Create | Fishing Ship |
| 36:02 | Research | Imperial Age |
| 36:46 | Build | Dock |
| 37:52 | Build | House |
| 37:53 | Build | House |
| 37:54 | Build | House |
| 37:54 | Build | House |
| 37:55 | Build | House |
| 37:56 | Build | House |
| 37:58 | Build | House |
| 37:59 | Build | House |
| 38:04 | Build | House |
| 38:05 | Build | House |
Build order — _Wood_Miner_
147 actions detected in the replay
| 0:10 | Build | Town Center |
| 1:47 | Build | House |
| 1:50 | Build | House |
| 2:47 | Create | Villager (Male) |
| 2:47 | Create | Villager (Male) |
| 3:29 | Build | Mill |
| 3:37 | Create | Villager (Male) |
| 3:38 | Create | Villager (Male) |
| 3:59 | Create | Villager (Male) |
| 4:51 | Create | Villager (Male) |
| 5:17 | Build | House |
| 5:25 | Create | Villager (Male) |
| 5:45 | Build | House |
| 5:59 | Create | Villager (Male) |
| 6:24 | Build | House |
| 6:26 | Build | House |
| 6:33 | Create | Villager (Male) |
| 6:33 | Create | Villager (Male) |
| 7:24 | Create | Villager (Male) |
| 7:25 | Create | Villager (Male) |
| 8:13 | Create | Villager (Male) |
| 8:14 | Create | Villager (Male) |
| 8:26 | Build | Lumber Camp |
| 9:13 | Research | Loom |
| 9:14 | Create | Villager (Male) |
| 9:15 | Create | Villager (Male) |
| 9:22 | Create | Villager (Male) |
| 9:23 | Create | Villager (Male) |
| 10:19 | Build | Mill |
| 10:54 | Build | House |
| 10:56 | Build | House |
| 10:58 | Build | House |
| 11:10 | Create | Villager (Male) |
| 11:10 | Create | Villager (Male) |
| 11:47 | Build | Farm |
| 11:47 | Build | Farm |
| 11:48 | Build | Farm |
| 11:49 | Build | Farm |
| 11:50 | Build | Farm |
| 11:51 | Build | Farm |
| 12:18 | Build | Farm |
| 12:19 | Build | Farm |
| 12:24 | Create | Villager (Male) |
| 12:25 | Create | Villager (Male) |
| 12:41 | Research | Feudal Age |
| 13:15 | Build | Barracks |
| 13:49 | Build | Farm |
| 13:51 | Build | Farm |
| 14:11 | Build | Mining Camp |
| 14:32 | Create | Villager (Male) |
| 14:33 | Create | Villager (Male) |
| 14:51 | Age | Feudal Age |
| 14:53 | Build | Stable |
| 15:12 | Create | Villager (Male) |
| 15:12 | Create | Villager (Male) |
| 15:29 | Build | Watch Tower |
| 15:37 | Create | Scout Cavalry |
| 15:37 | Create | Scout Cavalry |
| 15:59 | Create | Villager (Male) |
| 15:59 | Create | Villager (Male) |
| 16:14 | Build | Mining Camp |
| 16:22 | Create | Villager (Male) |
| 16:23 | Create | Villager (Male) |
| 16:51 | Create | Scout Cavalry |
| 16:52 | Create | Scout Cavalry |
| 17:11 | Build | Farm |
| 17:18 | Build | Farm |
| 17:27 | Build | Farm |
| 17:29 | Build | Farm |
| 17:40 | Create | Scout Cavalry |
| 17:49 | Research | Man-at-Arms (upgrade) |
| 18:09 | Build | Farm |
| 18:13 | Build | Farm |
| 18:18 | Create | Villager (Male) |
| 18:18 | Create | Villager (Male) |
| 18:55 | Create | Villager (Male) |
| 19:20 | Research | Town Watch |
| 19:29 | Research | Horse Collar |
| 19:33 | Research | Double-Bit Axe |
| 19:59 | Research | Man-at-Arms (upgrade) |
| 20:01 | Research | Arson |
| 20:12 | Build | Farm |
| 20:13 | Build | Farm |
| 20:14 | Build | Farm |
| 20:14 | Build | Farm |
| 20:26 | Create | Villager (Male) |
| 20:26 | Create | Villager (Male) |
| 20:43 | Create | Militia |
| 20:43 | Create | Militia |
| 21:42 | Build | Mining Camp |
| 21:51 | Create | Militia |
| 21:51 | Create | Militia |
| 21:55 | Create | Villager (Male) |
| 21:56 | Create | Villager (Male) |
| 22:53 | Create | Militia ×5 |
| 23:05 | Create | Villager (Male) ×5 |
| 23:11 | Build | Barracks |
| 23:17 | Build | House |
| 23:18 | Build | House |
| 23:42 | Create | Militia |
| 23:42 | Create | Militia |
| 23:52 | Build | Farm |
| 23:55 | Build | Farm |
| 24:01 | Build | Farm |
| 24:05 | Build | Farm |
| 24:07 | Create | Villager (Male) |
| 24:35 | Create | Scout Cavalry |
| 24:35 | Create | Scout Cavalry |
| 24:39 | Create | Militia |
| 24:39 | Create | Militia |
| 25:10 | Build | Market |
| 25:21 | Create | Villager (Male) ×5 |
| 25:58 | Build | Blacksmith |
| 26:09 | Create | Scout Cavalry ×5 |
| 26:49 | Create | Villager (Male) |
| 26:50 | Create | Villager (Male) |
| 27:06 | Research | Castle Age |
| 28:00 | Create | Militia |
| 28:01 | Create | Militia |
| 28:06 | Create | Militia |
| 28:06 | Create | Militia |
| 28:16 | Build | Archery Range |
| 28:17 | Build | Archery Range |
| 28:49 | Create | Militia |
| 28:50 | Create | Militia |
| 29:46 | Age | Castle Age |
| 29:53 | Build | Castle |
| 30:03 | Create | Villager (Male) ×5 |
| 30:12 | Research | Bow Saw |
| 30:16 | Research | Heavy Plow |
| 30:40 | Create | Cavalry Archer |
| 30:40 | Create | Cavalry Archer |
| 30:44 | Create | Cavalry Archer |
| 30:44 | Create | Cavalry Archer |
| 30:55 | Build | Farm |
| 31:04 | Create | Villager (Male) |
| 31:04 | Create | Villager (Male) |
| 31:49 | Create | Keshik ×5 |
| 32:59 | Build | University |
| 34:05 | Research | Imperial Age |
| 35:41 | Build | Lumber Camp |
| 36:38 | Create | Keshik |
| 36:39 | Create | Keshik |
| 37:15 | Age | Imperial Age |
| 37:36 | Build | Castle |
| 38:19 | Create | Trebuchet (Packed) |
| 38:19 | Create | Trebuchet (Packed) |
Match timeline
| 0:13 | ErBert95 · resign |
| 5:32 | stevsag · first_building Dock |
| 9:15 | Berlin La Fiera · first_building Dock |
| 10:58 | Shintaro077719 · first_building Barracks |
| 12:01 | Caligula · first_building Dock |
| 13:15 | _Wood_Miner_ · first_building Barracks |
| 14:05 | Berlin La Fiera · age_up feudal |
| 14:51 | _Wood_Miner_ · age_up feudal |
| 14:53 | _Wood_Miner_ · first_building Stable |
| 15:10 | Shintaro077719 · wall_segment Palisade Wall x5 |
| 16:01 | Shintaro077719 · first_building Dock |
| 16:07 | stevsag · first_building Barracks |
| 16:22 | Caligula · age_up feudal |
| 17:47 | stevsag · age_up feudal |
| 20:26 | Shintaro077719 · first_market_buy 100 food |
| 20:37 | stevsag · wall_segment Palisade Wall x1 |
| 20:39 | stevsag · wall_segment Palisade Wall x1 |
| 21:01 | Caligula · first_building Barracks |
| 21:02 | stevsag · wall_segment Palisade Wall x1 |
| 22:34 | Caligula · age_up castle |
| 23:36 | stevsag · first_building Archery Range |
| 23:45 | Shintaro077719 · first_building Monastery |
| 24:21 | Shintaro077719 · first_building Castle |
| 25:32 | Shintaro077719 · first_building Siege Workshop |
| 27:37 | Caligula · first_building Monastery |
| 27:44 | Berlin La Fiera · first_building Barracks |
| 27:45 | _Wood_Miner_ · first_market_buy 100 stone |
| 27:48 | _Wood_Miner_ · first_market_sell 100 wood |
| 28:16 | _Wood_Miner_ · first_building Archery Range |
| 28:30 | Berlin La Fiera · first_building Archery Range |
| 28:44 | Berlin La Fiera · first_building Stable |
| 29:46 | _Wood_Miner_ · age_up castle |
| 29:53 | _Wood_Miner_ · first_building Castle |
| 31:08 | stevsag · age_up castle |
| 31:26 | stevsag · first_building Castle |
| 31:58 | stevsag · first_building Monastery |
| 33:35 | Berlin La Fiera · age_up castle |
| 33:49 | stevsag · first_building Siege Workshop |
| 34:23 | Caligula · first_market_sell 100 wood |
| 35:12 | Berlin La Fiera · first_building Castle |
| 37:15 | _Wood_Miner_ · age_up imperial |
[ AI ANALYSIS · 1 CREDIT ]
What really happened in this match?
Wolo.gg analyzes every decision: build order, eco, micro, common mistakes by bracket. Personalized analysis on WhatsApp or Discord in 30 seconds.
Civ guide
Celts
Perfil
Jugador #20891981